 Dungeon Crawl Stone Soup version 0.22.1-5-g62c59d9 (webtiles) character file.

115773 Goblin1989 the Bludgeoner (level 16, -2/148 HPs)
             Began as a Deep Dwarf Fighter on Jan 7, 2019.
             Was the Champion of Makhleb.
             Succumbed to a green very ugly thing's poison
             ... on level 1 of the Depths on Jan 8, 2019.
             The game lasted 01:18:00 (22238 turns).

Goblin1989 the Bludgeoner (Deep Dwarf Fighter)     Turns: 22238, Time: 01:18:01

Health: -2/148     AC: 21    Str: 23    XL:     16   Next: 19%
Magic:  11/11      EV: 16    Int: 23    God:    Makhleb [******]
Gold:   1926       SH:  3    Dex: 19    Spells: 15/15 levels left

rFire    . . .     SeeInvis .   a - +8 great mace "Giantslayer" {venom, rPois Str-4 Int+3 Dex+7}
rCold    + + +     Gourm    .   (shield currently unavailable)
rNeg     + + .     Faith    .   I - +0 shadow dragon scales
rPois    +         Spirit   .   m - +0 helmet (curse)
rElec    +         Reflect  +   X - +0 cloak of the Harvest {rElec rF- rC+++ Dex+3}
rCorr    .         Harm     .   P - +1 pair of gloves "Omaebb" {-Cast +Blink +Fly rC+}
MR       +++..     NoCast   +   (no boots)
Stlth    +++.......             A - amulet of Xurphizu {Reflect MR+ Int+9 Dex-3 SH+3}
HPRegen  0.00/turn              h - ring of Equivalence {rElec rF+ rN+ Int+2}
MPRegen  0.12/turn              o - ring of poison resistance

@: lethally poisoned (-2 -> -96), non-regenerating
A: damage resistance, heal wounds, negative energy resistance 1, sense
surroundings 2, no regeneration
a: Heal Wounds, Minor Destruction, Lesser Servant of Makhleb, Major Destruction,
Greater Servant of Makhleb, Renounce Religion, Evoke Blink, Evoke Flight


You were on level 1 of the Depths.
You worshipped Makhleb.
Makhleb was exalted by your worship.
You were not hungry.

You visited 6 branches of the dungeon, and saw 25 of its levels.
You also visited: Labyrinth and Ice Cave.

You collected 2783 gold pieces.
You spent 857 gold pieces at shops.

Inventory:

Hand Weapons
 a - the +8 great mace "Giantslayer" (weapon) {venom, rPois Str-4 Int+3 Dex+7}
   (You found it on level 9 of the Dungeon)

   It poisons the flesh of those it strikes.
   It affects your strength (-4).
   It affects your intelligence (+3).
   It affects your dexterity (+7).
   It protects you from poison.
 w - a +0 blowgun {@w1}
 Q - a +6 demon whip of chaos
Missiles
 r - 8 needles of paralysis
 x - 14 curare-tipped needles
 K - 4 needles of sleeping
 Y - 15 javelins of penetration (quivered) {@Q2}
Armour
 m - a cursed +0 helmet (worn)
 u - the +0 pair of gloves "Hatomyix" {rN+ Int+2 SInv}
   (You found it on level 11 of the Dungeon)

   It affects your intelligence (+2).
   It protects you from negative energy.
   It lets you see invisible.
 I - +0 shadow dragon scales (worn)
 P - the +1 pair of gloves "Omaebb" (worn) {-Cast +Blink +Fly rC+}
   (You bought it in a shop on level 6 of the Dungeon)

   It protects you from cold.
   It lets you fly.
   It lets you blink.
   It prevents spellcasting.
 X - the +0 cloak of the Harvest (worn) {rElec rF- rC+++ Dex+3}
   (You found it on level 1 of the Snake Pit)

   It affects your dexterity (+3).
   It makes you vulnerable to fire.
   It renders you almost immune to cold.
   It insulates you from electricity.
Jewellery
 b - the ring "Ferogy" {Ice rElec MR+ Int+3}
   (You found it in an ice cave)

   [ring of ice]

   It enhances your ice magic.
   It affects your intelligence (+3).
   It makes you vulnerable to fire.
   It protects you from cold.
   It insulates you from electricity.
   It affects your resistance to hostile enchantments.
 f - an uncursed ring of protection from fire
 g - an uncursed ring of resist corrosion
 h - the ring of Equivalence (left hand) {rElec rF+ rN+ Int+2}
   (You found it in an ice cave)

   [ring of protection from fire]

   It affects your intelligence (+2).
   It protects you from fire.
   It insulates you from electricity.
   It protects you from negative energy.
 o - a ring of poison resistance (right hand)
 A - the amulet of Xurphizu (around neck) {Reflect MR+ Int+9 Dex-3 SH+3}
   (You took it off a minotaur in a labyrinth)

   [amulet of reflection]

   It shields you and reflects attacks.
   It affects your intelligence (+9).
   It affects your dexterity (-3).
   It affects your resistance to hostile enchantments.
   It affects your SH (+3).
 D - the ring of Unock {rN++ Dex-3 Stlth+}
   (You took it off a centaur on level 12 of the Dungeon)

   [ring of stealth]

   It affects your dexterity (-3).
   It greatly protects you from negative energy.
   It makes you more stealthy.
Wands
 d - a wand of polymorph (29)
 E - a wand of paralysis (38) {@v7}
 H - a wand of iceblast (30) {@v4}
 N - a wand of flame (102) {@v6}
 U - a wand of disintegration (44)
 W - a wand of enslavement (6)
Scrolls
 l - a scroll of fog
 y - 3 scrolls of enchant weapon
 z - 2 scrolls of fear
 B - 3 scrolls of blinking
 J - 2 scrolls of immolation
 L - 8 scrolls of remove curse {@r3}
 M - 4 scrolls of magic mapping
 R - 4 scrolls of identify {@r1}
 S - 6 scrolls of enchant armour
 T - 8 scrolls of teleportation {!r, @r2}
Potions
 i - 3 potions of heal wounds {@q2}
 j - 3 potions of magic
 k - 2 potions of berserk rage
 q - 3 potions of ambrosia
 s - 2 potions of mutation {!q}
 F - 3 potions of might {@q4}
 G - 4 potions of haste {@q3,}
 O - 5 potions of cancellation
 Z - 4 potions of curing {@q1}
Miscellaneous
 c - a phial of floods
 v - a lamp of fire (inert)
Comestibles
 e - 47 rations
 V - 11 chunks of flesh


   Skills:
 + Level 10.9 Fighting
   Level 9.0(14.2) Axes
 * Level 16.0(16.6) Maces & Flails
 + Level 12.6 Armour
 + Level 10.7 Dodging
   Level 6.9 Shields
 + Level 12.4 Invocations
 - Level 11.1 Evocations


You had 15 spell levels left.
You didn't know any spells.
Your spell library contained the following spells:

 Spells                   Type           Power        Failure   Level  Hunger
 Confusing Touch          Hex            #.....       61%         1    ##.....
 Flame Tongue             Conj/Fire      #....        61%         1    ##.....
 Freeze                   Ice            #...         61%         1    ##.....
 Infusion                 Chrm           #...         61%         1    ##.....
 Sandblast                Erth           #.....       61%         1    ##.....
 Shock                    Conj/Air       #...         61%         1    ##.....
 Passwall                 Tmut/Erth      #.......     75%         2    ###....
 Poisonous Vapours        Pois/Air       #.....       75%         2    ###....
 Shroud of Golubria       Chrm/Tloc      #.........   75%         2    ###....
 Song of Slaying          Chrm           #.......     75%         2    ###....
 Swiftness                Chrm/Air       #.......     75%         2    ###....
 Throw Frost              Conj/Ice       #.....       75%         2    ###....
 Confuse                  Hex            #.......     93%         3    ####...
 Conjure Flame            Conj/Fire      #.......     93%         3    ####...
 Gell's Gravitas          Tloc           #.........   93%         3    ####...
 Ignite Poison            Fire/Tmut/Pois #.......     93%         3    ####...
 Mephitic Cloud           Conj/Pois/Air  #.......     93%         3    ####...
 Ozocubu's Armour         Chrm/Ice       #.......     93%         3    ####...
 Spectral Weapon          Hex/Chrm       #.......     93%         3    ####...
 Static Discharge         Conj/Air       #.......     93%         3    ####...
 Stone Arrow              Conj/Erth      #.....       93%         3    ####...
 Airstrike                Air            #.........   100%        4    #####..
 Ice Form                 Ice/Tmut       #.......     100%        4    #####..
 Petrify                  Tmut/Erth      #.......     100%        4    #####..
 Summon Ice Beast         Ice/Summ       #.......     100%        4    #####..
 Throw Icicle             Conj/Ice       #.......     100%        4    #####..
 Alistair's Intoxication  Tmut/Pois      #.......     100%        5    ######.
 Lee's Rapid Deconstruct  Erth           #.........   100%        5    ######.
 Lightning Bolt           Conj/Air       #.........   100%        5    ######.
 Metabolic Englaciation   Hex/Ice        #.........   100%        5    ######.
 Venom Bolt               Conj/Pois      #.........   100%        5    ######.
 Yara's Violent Unravell  Hex/Tmut       #.........   100%        5    ######.
 Bolt of Fire             Conj/Fire      #.........   100%        6    #######
 Freezing Cloud           Conj/Ice/Air   #.........   100%        6    #######
 Ozocubu's Refrigeration  Ice            #.........   100%        6    #######
 Poison Arrow             Conj/Pois      #.........   100%        6    #######
 Simulacrum               Ice/Necr       #.........   100%        6    #######
 Ring of Flames           Chrm/Fire      #.........   100%        7    #######
 Chain Lightning          Conj/Air       #.........   100%        8    #######
 Ignition                 Fire           #.........   100%        8    #######
 Lehudib's Crystal Spear  Conj/Erth      #.........   100%        8    #######
 Fire Storm               Conj/Fire      #.........   100%        9    #######
 Glaciate                 Conj/Ice       #.........   100%        9    #######
 Shatter                  Erth           #.........   100%        9    #######
 Tornado                  Air            #.........   100%        9    #######
 Regeneration             Chrm/Necr      Unusable     N/A         3    N/A

Dungeon Overview and Level Annotations

Branches:
Dungeon (15/15)            Temple (1/1) D:6            Lair (5/6) D:11
 Shoals (0/4) Lair:3        Snake (1/4) Lair:4          Orc (2/2) D:10
    Elf (0/3) Orc:2        Vaults (0/5) D:14         Depths (1/5) D:15
  Slime: Lair:5-6

Altars:
Ashenzari
Cheibriados
Dithmenos
Elyvilon
Fedhas
Gozag
Hepliaklqana
Kikubaaqudgha
Makhleb
Okawaru
Qazlal
Ru
Uskayaw
Vehumet
Wu Jian
Xom
Yredelemnul
Zin
The Shining One
Beogh

Shops:
D:5 (   D:6 *   D:11 %   D:12 [   Orc:2 ?:*%}

Portals:
Abyss: Depths:1

Annotations:
Lair:2 1 runed door, poxu's ghost, journeyman NaVM


Innate Abilities, Weirdness & Mutations

You are resistant to damage.
You can heal yourself by infusing magical energy.
You resist negative energy. (rN+)
You passively map the area around you.
You do not regenerate.


Message History

No target in view!
No target in view!
No target in view!
Unknown command.
No target in view!
Eating one of 12 chunks of flesh.
You eat one of the 12 chunks of flesh.
This raw flesh tastes terrible.
You butcher the salamander corpse.
V - 15 chunks of flesh (gained 4)
Things that are here:
an enchanted quarterstaff; a robe
Things that are here:
an enchanted quarterstaff; a robe Unknown command.
You butcher the salamander corpse.
V - 18 chunks of flesh (gained 3)
You see here a trident. x2
There is an open door here.
There is an open door here.
Found a stone staircase leading down.
There is an open door here.
You see here 15 stones {@Q3}.
You now have 1926 gold pieces (gained 17).
Key pressed, stopping explore.
You open the door.
There is an open door here.
Some of the chunks of flesh in your inventory have rotted away.
Some of the chunks of flesh in your inventory have rotted away.
There is a staircase back to the Dungeon here.
There is an escape hatch in the floor here.
You open the door. 2 very ugly things come into view.
The green very ugly thing gurgles horribly!
A green very ugly thing comes into view.
The green very ugly thing gurgles horribly!
The green very ugly thing gurgles horribly!
You sock the green very ugly thing!
The green very ugly thing is lightly wounded.
The green very ugly thing engulfs you.
You are poisoned.
The green very ugly thing poisons you!
You take 4 damage, and have 71/148 hp.
You pound the green very ugly thing like an anvil!!!
The green very ugly thing looks as sick as possible!
The green very ugly thing is severely wounded.
You feel very sick.
You take 5 damage, and have 66/148 hp.
You closely miss the green very ugly thing.
The green very ugly thing is severely wounded.
You feel very sick. The green very ugly thing misses you.
You take 5 damage, and have 61/148 hp.
You sock the green very ugly thing!
The green very ugly thing is severely wounded.
You feel very sick. The green very ugly thing engulfs you!
* * * LOW HITPOINT WARNING * * *
You are too injured to fight recklessly!
You take 12 damage, and have 49/148 hp.
You are too injured to fight recklessly!
You are too injured to fight recklessly!
You are too injured to fight recklessly!
You are too injured to fight recklessly!
You are too injured to fight recklessly!
You are too injured to fight recklessly!
You are too injured to fight recklessly!
You are too injured to fight recklessly!
You are too injured to fight recklessly!
Unknown command.
You are too injured to fight recklessly!
Unknown command.
You are too injured to fight recklessly!
You closely miss the green very ugly thing.
The green very ugly thing is severely wounded.
You feel very sick. The green very ugly thing engulfs you!
* * * LOW HITPOINT WARNING * * *
You are lethally poisoned!
The green very ugly thing poisons you!
You take 9 damage, and have 40/148 hp.
You bludgeon the green very ugly thing!!
You kill the green very ugly thing!
Makhleb accepts your kill.
* * * LOW HITPOINT WARNING * * *
You feel extremely sick.
The green very ugly thing basks in the mutagenic energy from its kin and You take 8 damage, and have 32/148 hp.
You closely miss the green very ugly thing.
* * * LOW HITPOINT WARNING * * *
You feel extremely sick.
The green very ugly thing completely misses you.
You take 9 damage, and have 23/148 hp.
Unknown command.
* * * LOW HITPOINT WARNING * * *
You feel extremely sick.
You take 9 damage, and have 14/148 hp.
* * * LOW HITPOINT WARNING * * *
You feel extremely sick.
You take 8 damage, and have 6/148 hp.
You die...

█........████
███
█.█.██████
█.█.█▓ ▓ ▓ ≈
█.█.█▓ ·
█.█.██ · ≈ ≈
█....▲ · ≈
█.█.██· ·
█████.█.█
█.u.@...█ ·
··≈


█u███████ ··· · █†█▓▓ ▓ ·· · ·.u.· · · ▓▓ ·≈ .....· · ▓ ▓ ≈ █...... · · ▓
█....... · █........ · █......... You could see 2 very ugly things.

Vanquished Creatures
  Asterion (Depths:1)
  3 frost giants
  A fire giant (Depths:1)
  Louise (D:15)
  A juggernaut zombie (D:15)
  A stone giant (Depths:1)
  2 very ugly things (Depths:1)
  A vampire knight (Depths:1)
  A minotaur (Lab)
  Snorg (Lair:4)
  An ettin (Depths:1)
  The ghost of Ruracw the Destroyer, a journeyman DEFE of Qazlal (Lair:5)
  2 fire dragons (Depths:1)
  A naga warrior (Snake:1)
  5 centaur warriors
  10 hydras
  An anaconda (Snake:1)
  A deep troll earth mage (Depths:1)
  2 two-headed ogres
  A dancing weapon (Lair:5)
  A death knight (D:12)
  2 tengu warriors
  3 death yaks (IceCv)
  A vampire mage (D:15)
  An orc high priest (Orc:2)
  A naga sharpshooter (Snake:1)
  A salamander mystic (Depths:1)
  3 skeletal warriors
  An unseen horror (D:11)
  A wizard (D:14)
  A deep elf archer (D:14)
  A flayed ghost (Depths:1)
  5 deep trolls (Depths:1)
  A tengu zombie (D:15)
  A harpy (shapeshifter) (Depths:1)
  3 necromancers
  2 phantasmal warriors (Depths:1)
  5 deep elf magi
  An oklob plant (Orc:2)
  6 orc sorcerers
  5 ugly things
  4 salamanders
  6 manticores
  A cyclops (D:15)
  5 black mambas (Snake:1)
  An ice statue (IceCv)
  3 gargoyles
  2 kobold demonologists
  5 spiny frogs
  2 rime drakes (D:14)
  2 ice devils (Lair:1)
  3 tengu conjurers
  An efreet (D:12)
  14 polar bears (IceCv)
  5 komodo dragons
  13 trolls
  A queen bee (D:13)
  A troll (shapeshifter) (D:15)
  A harpy skeleton (D:15)
  5 hornets
  3 blink frogs (Lair:4)
  An ice dragon zombie (D:15)
  16 hippogriffs
  6 slime creatures
  A meliai zombie (D:15)
  An ettin skeleton (D:15)
  A shadow (D:15)
  2 vampires
  9 wyverns
  20 humans (D:14)
  A spriggan (D:7)
  8 basilisks
  6 wraiths
  2 water elementals (Depths:1)
  56 yaks
  2 hungry ghosts
  8 vampire mosquitoes
  6 nagas (Snake:1)
  4 wargs
  3 acid dragons
  5 water moccasins
  2 hell hounds (D:14)
  8 porcupines
  12 orc warriors
  4 eyes of draining
  5 sky beasts
  13 ogres
  5 phantoms
  A hornet zombie (D:11)
  4 black bears
  An ice beast (D:12)
  4 necrophages
  18 wolves
  13 crocodiles
  15 centaurs
  2 big kobolds
  14 bullfrogs
  2 wyvern zombies
  A wyvern skeleton (D:12)
  4 scorpions
  8 killer bees
  3 wights (D:10)
  3 electric eels
  7 crimson imps
  3 howler monkeys
  3 bullfrog zombies
  5 centaur zombies
  2 hounds
  3 quasits
  Crazy Yiuf (D:2)
  2 bullfrog skeletons
  9 centaur skeletons
  26 orc priests
  4 jellies
  2 iguanas
  29 orc wizards
  15 worker ants
  2 hound skeletons
  2 worker ant zombies
  2 howler monkey skeletons
  4 gnolls (D:7)
  15 adders
  6 shadow imps
  An adder zombie (D:9)
  5 adder skeletons
  3 worms
  8 leopard geckos
  66 orcs
  4 ball pythons
  7 bats
  5 giant cockroaches
  2 goblins
  3 hobgoblins (D:2)
  10 jackals
  11 kobolds
  3 quokkas
  4 frilled lizards
  A giant cockroach zombie (D:6)
  4 rats
  4 fungi
745 creatures vanquished.

Vanquished Creatures (collateral kills)
  An ice dragon (Depths:1)
  A spriggan air mage (Depths:1)
  Sonja (Orc:2)
  2 orc knights (Orc:1)
  An ugly thing (D:11)
  An orc sorcerer (Orc:1)
  A cyclops (Orc:2)
  A troll (Orc:1)
  2 yaks (D:10)
  2 wargs (Orc:1)
  12 orc warriors
  3 ogres
  A big kobold (D:10)
  A wyvern skeleton (D:10)
  A howler monkey (D:10)
  3 orc priests
  10 orc wizards
  A centaur skeleton (D:10)
  An iguana (D:11)
  19 orcs
  2 kobolds (D:10)
  A plant (Lair:5)
68 creatures vanquished.

Vanquished Creatures (others)
  A necromancer (D:14)
  2 wolves (IceCv)
  A crimson imp (D:15)
  A centaur zombie (D:12)
  An orc wizard (Orc:2)
  4 bushes (D:11)
  4 fungi (D:11)
  14 plants (D:11)
28 creatures vanquished.

Grand Total: 841 creatures vanquished

Notes
Turn   | Place    | Note
-------+----------+-------------------------------------------
     0 | D:1      | Goblin1989 the Deep Dwarf Fighter began the quest for the
                  | Orb.
     0 | D:1      | Reached XP level 1. HP: 20/20 MP: 1/1
   415 | D:1      | Reached XP level 2. HP: 25/27 MP: 2/2
  1305 | D:2      | Reached XP level 3. HP: 26/33 MP: 3/3
  2289 | D:2      | Found a runed door.
  2293 | D:2      | Noticed Crazy Yiuf
  2317 | D:2      | Killed Crazy Yiuf
  2317 | D:2      | Reached XP level 4. HP: 26/42 MP: 4/4
  2459 | D:3      | Found a stormy altar of Qazlal.
  2833 | D:3      | Found a faded altar of an unknown god.
  2877 | D:3      | Reached XP level 5. HP: 41/49 MP: 4/4
  3515 | D:4      | Noticed an ogre
  3527 | D:4      | Killed an ogre
  3585 | D:4      | Reached XP level 6. HP: 41/56 MP: 4/4
  4051 | D:4      | Reached skill level 5 in Axes
  4391 | D:5      | Entered Level 5 of the Dungeon
  4419 | D:5      | Found a glowing silver altar of Zin.
  4448 | D:5      | Found a white marble altar of Elyvilon.
  4534 | D:5      | Reached XP level 7. HP: 55/64 MP: 4/4
  4566 | D:5      | Reached skill level 5 in Armour
  4574 | D:5      | Reached skill level 5 in Shields
  4718 | D:5      | Found Unetre's Weapon Boutique.
  5046 | D:6      | Found a staircase to the Ecumenical Temple.
  5053 | Temple   | Entered the Ecumenical Temple
  5160 | Temple   | Became a worshipper of Makhleb the Destroyer
  5408 | D:6      | Reached XP level 8. HP: 60/73 MP: 2/2
  5467 | D:6      | Reached skill level 1 in Invocations
  5467 | D:6      | Reached skill level 1 in Evocations
  5736 | D:6      | Found Kufrupp's General Store.
  5743 | D:6      | Bought the +1 pair of gloves "Omaebb" {-Cast +Blink +Fly
                  | rC+} for 281 gold pieces
  5904 | D:6      | Got a sapphire mace
  6440 | D:7      | Found a basalt altar of Yredelemnul.
  6484 | D:7      | Reached * piety under Makhleb
  6507 | D:7      | Reached skill level 5 in Fighting
  6725 | D:7      | Identified the cursed +2 mace "Hicohesemn" {freeze, *Rage
                  | rN+++ MR- Str+8} (You found it on level 6 of the Dungeon)
  6962 | D:7      | Gained mutation: You passively map the area around you.
                  | [Deep Dwarf growth]
  6962 | D:7      | Reached XP level 9. HP: 70/81 MP: 4/4
  7020 | D:7      | Found a stormy altar of Qazlal.
  7746 | D:8      | Reached ** piety under Makhleb
  7974 | D:9      | Found a hazy altar of Hepliaklqana.
  8017 | D:9      | Got a jewelled great mace
  8035 | D:9      | Identified the +8 great mace "Giantslayer" {venom, rPois
                  | Str-4 Int+3 Dex+7} (You found it on level 9 of the Dungeon)
  8059 | D:9      | Reached skill level 5 in Evocations
  8068 | D:9      | Reached skill level 1 in Maces & Flails
  8154 | D:9      | Reached skill level 1 in Dodging
  8175 | D:9      | Reached skill level 2 in Maces & Flails
  8262 | D:9      | Reached XP level 10. HP: 91/91 MP: 2/7
  8361 | D:9      | Reached skill level 3 in Maces & Flails
  8642 | D:9      | Reached *** piety under Makhleb
  8669 | D:10     | Entered Level 10 of the Dungeon
  8748 | D:10     | Reached skill level 4 in Maces & Flails
  8860 | D:10     | Noticed a manticore
  8899 | D:10     | Reached skill level 5 in Maces & Flails
  8903 | D:10     | Killed a manticore
  9010 | D:10     | Found a staircase to the Orcish Mines.
  9036 | D:10     | Reached skill level 6 in Maces & Flails
  9429 | D:6      | Bought an uncursed ring of poison resistance for 220 gold
                  | pieces
  9429 | D:6      | Bought 2 scrolls of vulnerability for 165 gold pieces
  9429 | D:6      | Bought a scroll of random uselessness for 11 gold pieces
  9429 | D:6      | Bought a scroll of torment for 82 gold pieces
  9562 | D:11     | Noticed a manticore
  9612 | D:11     | Reached **** piety under Makhleb
  9647 | D:11     | Noticed a cyan ugly thing
  9647 | D:11     | Noticed a gargoyle
  9667 | D:11     | Killed a cyan ugly thing
  9674 | D:11     | Killed a gargoyle
  9674 | D:11     | Reached skill level 7 in Maces & Flails
  9697 | D:11     | Noticed a seven-headed hydra
  9745 | D:11     | Reached XP level 11. HP: 81/97 MP: 8/8
  9782 | D:11     | Reached skill level 8 in Maces & Flails
  9992 | D:11     | Noticed a two-headed ogre
  9997 | D:11     | Killed a two-headed ogre
  9997 | D:11     | Reached skill level 9 in Maces & Flails
 10002 | D:11     | Noticed a brown ugly thing
 10004 | D:11     | Noticed a green ugly thing
 10017 | D:11     | Killed a green ugly thing
 10017 | D:11     | Reached ***** piety under Makhleb
 10017 | D:11     | Reached skill level 10 in Evocations
 10026 | D:11     | Killed a purple ugly thing
 10032 | D:11     | Killed an unseen horror
 10072 | D:11     | Got a pair of ichor-stained gloves
 10083 | D:11     | Identified the +0 pair of gloves "Hatomyix" {rN+ Int+2
                  | SInv} (You found it on level 11 of the Dungeon)
 10185 | D:11     | Reached skill level 10 in Maces & Flails
 10395 | D:11     | Found a staircase to the Lair.
 10474 | D:11     | Found a shadowy altar of Dithmenos.
 10506 | D:11     | Found Ittittet's Food Emporium.
 10635 | D:11     | Reached XP level 12. HP: 103/106 MP: 9/9
 10947 | Lair:1   | Entered Level 1 of the Lair of Beasts
 10978 | Lair:1   | Found a frozen archway.
 11000 | IceCv    | Entered an ice cave
 11123 | IceCv    | Got a brightly glowing bronze ring
 11137 | IceCv    | Reached skill level 11 in Maces & Flails
 11323 | IceCv    | Reached skill level 5 in Invocations
 11357 | IceCv    | Reached skill level 5 in Dodging
 11374 | IceCv    | Noticed a death yak
 11393 | IceCv    | Killed a death yak
 11478 | IceCv    | Noticed a death yak
 11478 | IceCv    | Noticed a frost giant
 11478 | IceCv    | Noticed a death yak
 11499 | IceCv    | Reached ****** piety under Makhleb
 11505 | IceCv    | Killed a death yak
 11509 | IceCv    | Killed a death yak
 11519 | IceCv    | Killed a frost giant
 11519 | IceCv    | Reached skill level 12 in Maces & Flails
 11569 | IceCv    | Identified the Guide on Cold
 11572 | IceCv    | Got a fine silver ring
 11879 | Lair:1   | Reached XP level 13. HP: 66/117 MP: 9/9
 11999 | Lair:1   | Identified the ring of Equivalence {rElec rF+ rN+ Int+2}
                  | (You found it in an ice cave)
 12001 | Lair:1   | Identified the ring "Ferogy" {Ice rElec MR+ Int+3} (You
                  | found it in an ice cave)
 12467 | Lair:2   | Found a runed door.
 12469 | Lair:2   | Noticed poxu's ghost (journeyman NaVM)
 13441 | Lair:3   | Found a staircase to the Shoals.
 13911 | Lair:3   | Goblin1989: !lg yermak
 13911 | Lair:3   | XtahuaRules: 4098. Yermak the Evocator (L27 GnSu of
                  | Cheibriados), escaped with the Orb and 15 runes on
                  | 2019-01-06 15:41:41, with 69920294 points after 20494 turns
                  | and 7:58:48.
 14318 | Lair:4   | Noticed Snorg
 14326 | Lair:4   | Killed Snorg
 14339 | Lair:4   | Found a staircase to the Snake Pit.
 14914 | Lair:5   | Found a runed door.
 14914 | Lair:5   | Found a shimmering altar of Xom.
 14914 | Lair:5   | Noticed Ruracw's ghost (journeyman DEFE)
 14989 | Lair:5   | Killed Ruracw's ghost
 14989 | Lair:5   | Reached skill level 10 in Armour
 15715 | Orc:1    | Entered Level 1 of the Orcish Mines
 15856 | Orc:2    | Entered Level 2 of the Orcish Mines
 15858 | Orc:2    | Found Kuschir's Gadget Shoppe.
 15890 | Orc:2    | Found a labyrinth entrance.
 15898 | Orc:2    | Noticed Sonja
 15900 | Lab      | Entered a labyrinth
 16094 | Lab      | Noticed a minotaur
 16114 | Lab      | Killed a minotaur
 16114 | Lab      | Reached skill level 13 in Maces & Flails
 16119 | Lab      | Got a fine pewter amulet
 16120 | Lab      | Identified the amulet of Xurphizu {Reflect MR+ Int+9 Dex-3
                  | SH+3} (You took it off a minotaur in a labyrinth)
 16130 | Lab      | Identified the Handbook of Flames and Intoxication
 16136 | Lab      | Identified a scroll of acquirement
 16353 | Orc:1    | Found a roughly hewn altar of Beogh.
 16364 | Orc:1    | HP: 2/118 [orc warrior/trident (21)]
 16644 | Orc:2    | Killed Sonja
 16795 | Orc:2    | Found a staircase to the Elven Halls.
 16956 | Orc:2    | Found Cerrudghe's Food Boutique.
 16956 | Orc:2    | Found Eraiqok's Magic Scroll Shop.
 16956 | Orc:2    | Found Xuwyseko's Assorted Antiques.
 16959 | Orc:2    | Found Irimiyt's Book Shop.
 16965 | Orc:2    | Gained mutation: You resist negative energy. (rN+) [Deep
                  | Dwarf growth]
 16965 | Orc:2    | Reached XP level 14. HP: 100/127 MP: 10/10
 16977 | Orc:2    | Bought a scroll of magic mapping for 98 gold pieces
 17422 | Orc:2    | Upgraded the game from 0.22.1-2-g9c5b331 to
                  | 0.22.1-5-g62c59d9
 17614 | Snake:1  | Entered Level 1 of the Snake Pit
 17791 | Snake:1  | Got a crude cloak
 17802 | Snake:1  | Identified the +0 cloak of the Harvest {rElec rF- rC+++
                  | Dex+3} (You found it on level 1 of the Snake Pit)
 18404 | D:12     | Reached skill level 14 in Maces & Flails
 18758 | D:12     | Reached skill level 10 in Invocations
 18930 | D:12     | Got a warped golden ring
 19045 | D:12     | Found Kuubav's Armour Boutique.
 19222 | D:13     | Noticed Erolcha
 19223 | D:13     | Noticed Erolcha
 19223 | D:13     | Erolcha changed into Erolcha the queen bee
 19227 | D:13     | Killed Erolcha the queen bee
 20009 | D:14     | Reached XP level 15. HP: 138/138 MP: 11/11
 20208 | D:14     | Identified the ring of Unock {rN++ Dex-3 Stlth+} (You took
                  | it off a centaur on level 12 of the Dungeon)
 20276 | D:14     | Reached skill level 10 in Fighting
 20506 | D:14     | Found a gate to the Vaults.
 20623 | D:14     | Reached skill level 15 in Maces & Flails
 20771 | D:15     | Entered Level 15 of the Dungeon
 20800 | D:15     | Noticed a frost giant
 20808 | D:15     | Killed a frost giant
 21091 | D:15     | Noticed Louise
 21092 | D:15     | Found a staircase to the Depths.
 21125 | D:15     | Killed Louise
 21128 | D:15     | Reached skill level 10 in Dodging
 21595 | Depths:1 | Entered Level 1 of the Depths
 21596 | Depths:1 | Noticed a frost giant
 21621 | Depths:1 | Killed a frost giant
 21632 | Depths:1 | Found a one-way gate to the infinite horrors of the Abyss.
 21678 | Depths:1 | Noticed Asterion
 21699 | Depths:1 | Killed Asterion
 21702 | Depths:1 | Noticed a fire giant
 21716 | Depths:1 | Killed a fire giant
 21925 | Depths:1 | Reached XP level 16. HP: 49/148 MP: 12/12
 21943 | Depths:1 | HP: 1/148 [deep troll (9)]
 22024 | Depths:1 | Reached skill level 16 in Maces & Flails
 22237 | Depths:1 | HP: 6/148 [poisoned by a green very ugly thing]
 22238 | Depths:1 | Succumbed to a green very ugly thing's poison

Skill      XL: |  1  2  3  4  5  6  7  8  9 10 11 12 13 14 15 16 |
---------------+-------------------------------------------------+-----
Axes           | 3 4 5 6 8 9 |  9.0
Fighting       | 3 4 5 6 7 8 9 10 | 10.9
Armour         | 4 5 6 7 8 9 10 11 12 | 12.6
Shields        | 4 5 6 |  6.9
Invocations    | 3 4 6 8 10 12 | 12.4
Evocations     | 3 5 8 10 11 | 11.1
Maces & Flails | 2 7 10 12 13 14 15 16 | 16.0
Dodging        | 1 2 3 5 7 9 10 | 10.7

Action                   |  1- 3 |  4- 6 |  7- 9 | 10-12 | 13-15 | 16-18 || total
-------------------------+-------+-------+-------+-------+-------+-------++-------
Melee: War axe           |   213 |   428 |   436 |       |       |       ||  1077
       Great mace        |       |       |    49 |   587 |  1325 |    57 ||  2018
       Demon whip        |       |       |       |       |    12 |       ||    12
Invok: Lesser Servant of |       |       |       |     2 |       |       ||     2
       Greater Servant o |       |       |       |       |     8 |       ||     8
 Abil: Heal Wounds       |     2 |     7 |    11 |    13 |    17 |    13 ||    63
Evoke: Wand              |       |       |       |     2 |    21 |       ||    23
       Lamp of fire      |       |       |       |       |     1 |     1 ||     2
  Use: Scroll            |     1 |     7 |     3 |     3 |    17 |       ||    31
       Potion            |       |       |     1 |       |     2 |       ||     3
 Stab: Invisible         |     1 |       |       |       |       |       ||     1
       Paralysed         |       |       |       |       |     4 |       ||     4
       Confused          |       |       |       |       |     1 |       ||     1
       Sleeping          |       |       |       |       |     5 |       ||     5
       Distracted        |       |       |       |       |     3 |       ||     3
  Eat: Chunk             |     4 |     6 |    13 |    21 |    30 |     1 ||    75
       Ration            |       |     1 |       |       |     2 |       ||     3
Armor: Scale mail        |    94 |       |       |       |       |       ||    94
       Chain mail        |    13 |   275 |    28 |       |       |       ||   316
       Plate armour      |       |       |   215 |   542 |   124 |       ||   881
       Shadow dragon sca |       |       |       |       |   637 |    53 ||   690
Dodge: Dodged            |    68 |   108 |    75 |   319 |  1019 |    95 ||  1684
       Deflected         |       |       |       |    10 |    10 |       ||    20
Block: Shield            |   139 |   281 |   250 |       |       |       ||   670
       Other             |       |       |       |       |   132 |    16 ||   148

Vault maps used:
D:1:      ncdulo_smallfort
D:2:      uniq_crazy_yiuf_cottage
D:3:      first_ration, chequers_ecumenical_altar_twisty, grunt_qazlal_clouds
D:5:      elyvilon_altar_4, zin_academy, serial_shops, shop, dk_noncrumbling_3,
          minmay_a_box_with_orc_wizards_in_it
D:6:      temple_fountains, serial_shops, shop
D:7:      marbit_many_paths, kennysheep_mini_moat, the_bakery
D:9:      lemuel_coloured_pillars_altar, hangedman_minor_gate_pass
D:10:     orc_0_dummy, minmay_gold_behind_fungi, minivault_14
D:11:     minmay_quarter_circles, minmay_lair_entry_grove, serial_shops,
          nicolae_shop_trees, basic_altar
D:12:     minmay_the_grid_3x3, serial_shops, kennysheep_mini
D:13:     minmay_misc_feat_four_crosses, minmay_lizard_king, uniq_erolcha
D:14:     grunt_vaults_entry_tiered, grunt_decor_one_mirror
D:15:     gammafunk_depths_entry_grave, small_statue_alley_a, uniq_louise
Temple:   bh_familiar_temple
Lair:1:   portal_ice_cave_demonic_guard, lemuel_fruit_tree
Lair:2:   ebering_ghost_inner_flame, grunt_megastairs_5
Lair:3:   elwin_shoals_entry_rocks, lemuel_fruit_fields
Lair:4:   statuecave_lemuel, dummy_snake_entry, grunt_megastairs_4,
          infiniplex_staircase_pool_2, uniq_snorg
Lair:5:   ebering_ghost_xom, serial_bayou_pond_e
Orc:1:    basic_altar
Orc:2:    st_orc_mages, lab_entry_generic, serial_shops, nicolae_shop_crystal,
          mines3_lemuel, uniq_sonja
Depths:1: hellmouth_1, hangedman_abyss_entry_splay,
          hangedman_abyss_or_decor_stagger, minmay_misc_feat_doors,
          dispersion_dpeg, uniq_asterion
Lab:      labyrinth_watery
IceCv:    ice_cave_caverns_02
